 Dungeon Sprint DCSS version 0.14-a0-519-g334afa2 (webtiles) character file.

12100000 MDvedh the Axe Maniac (level 27, -21/273 HPs)
             Began as a Djinni Warper on Nov 2, 2013.
             Was the Champion of Makhleb.
             Demolished by The Servant
             ... wielding a +9,+9 glaive of flaming
              (129 damage)
             ... in the Dungeon (Sprint VIII: "Arena of Blood").
             The game lasted 00:04:32 (121 turns).

MDvedh the Axe Maniac (Djinni Warper)                Turns: 121, Time: 00:04:32

HP -21/273       AC  6     Str 22      XL: 27
MP   0/0         EV 29     Int 15      God: Makhleb [******]
Gold 0           SH  0     Dex 14      Spells:  1 memorised, 79 levels left

Res.Fire  : + + +   See Invis. : .   g - +โˆž Axe of Woe
Res.Cold  : x . .   Warding    : .   b - +0 leather armour
Life Prot.: + + +   Conserve   : .   (no shield)
Res.Poison: .       Res.Corr.  : .   (no helmet)
Res.Elec. : .       Clarity    : .   (no cloak)
Sust.Abil.: . .     Spirit.Shd : .   (no gloves)
Res.Mut.  : .       Prev.Telep.: +   (boots unavailable)
Res.Rott. : .       Flight     : .   (no amulet)
Saprovore : . . .                    (no ring)
                                     (no ring)

@: mildly poisoned, quite resistant to hostile enchantments, extremely stealthy
A: fire immunity, cold vulnerability, life protection 3
a: Minor Destruction, Lesser Servant of Makhleb, Major Destruction, Greater
Servant of Makhleb, Renounce Religion


You were in the Dungeon.
You worshipped Makhleb.
Makhleb was exalted by your worship.
You were not hungry.

You visited 1 branch

Inventory:

Hand weapons
 a - a +0,+0 hand axe
 g - the +โˆž,+โˆž Axe of Woe (weapon)
   (You found it in the Dungeon)
Missiles
 e - 15 darts (quivered)
 f - 10 darts of dispersal
Armour
 b - a +0 leather armour (worn)
Scrolls
 d - 2 scrolls of blinking
Potions
 h - a potion of curing
 i - a potion of heal wounds
 j - a potion of speed
 k - 2 potions of magic
 l - a potion of berserk rage
Books
 c - a book of Spatial Translocations

   Spells                             Type                      Level
   *Apportation                       Translocation                1
   Portal Projectile                  Translocation                2
   Blink                              Translocation                2
   Shroud of Golubria                 Charms/Translocation         2
   Teleport Other                     Translocation                3
   Passage of Golubria                Translocation                4


   Skills:
 O Level 27 Fighting
 O Level 27 Axes
 O Level 27 Throwing
 O Level 27 Armour
 O Level 27 Dodging
 O Level 27 Stealth
 O Level 27 Unarmed Combat
 O Level 27 Spellcasting
 O Level 27 Translocations
 O Level 27 Invocations


You had 79 spell levels left.
You knew the following spells:

 Your Spells              Type           Power        Failure   Level  Hunger
a - Apportation           Tloc           #######...   0%          1    None


Dungeon Overview and Level Annotations

Branches:
Dungeon (1/1)

Altars:
Makhleb

Annotations:
D The Servant


Innate Abilities, Weirdness & Mutations

You are immune to all types of fire, even holy and hellish.
You are vulnerable to cold.
You need no food.
You have no legs.
You are immune to negative energy.


Message History

A meat beast comes into view.
The meat beast moves out of view.
You hear a shout!
The scourge appears out of thin air!
A scourge comes into view.
You hear a shout!
A scourge comes into view.
Unknown command.
You butcher the scourge messily.
You kill the scourge!
Makhleb accepts your kill.
You feel a little better.
You hear a shout!
The Servant hits you from afar with a +9,+9 glaive of flaming!
You hear a shout!
Unknown command.
Unknown command.
You hear a shout!
The Servant hits you with a +9,+9 glaive of flaming!
You die...

..................
.......%...........
...........{.......
#%......#{ ....... #..
#.))..%.# .......
.....###))).)..###.......
.......).)###%............
..#%...))))_))............
...%.ยง.#.)...#)@.....#.#.
...%...#_.<._#)@........
......%#)....#)%....#.#.
#........_..%..........
.%......###.........#.
...###.......###...... ..
#....S..# ...... #....S..#
..... ......... ...


You could see The Servant and 2 scourges.

Vanquished Creatures
  5 great orbs of eyes (D)
  5 greater mummies (D)
  9 hell beasts (D)
  5 hill giants (D)
  2 hydras (D)
  6 liches (D)
  19 ogres (D)
  40 orcs (D)
  4 phantoms (D)
  4 skeletal warriors (D)
  11 vampire knights (D)
  2 sea snakes (D)
  6 tentacled monstrosities (D)
  16 large abominations (D)
  5 small abominations (D)
  8 crawling corpses (D)
147 creatures vanquished.

Vanquished Creatures (others)
  A crawling corpse (D)
1 creature vanquished.

Grand Total: 148 creatures vanquished

Notes
Turn   | Place    | Note
--------------------------------------------------------------
     0 | D        | MDvedh, the Djinni Warper, began the quest for the Orb.
     0 | D        | Reached XP level 1. HP: 14/14 MP: 0/0
     4 | D        | Became a worshipper of Makhleb the Destroyer
     5 | D        | Noticed a bag of meat
     5 | D        | Noticed a meat berserker
     5 | D        | Noticed a bag of meat
     5 | D        | Noticed a bag of meat
     7 | D        | Noticed a bag of meat
     7 | D        | Killed a bag of meat
     7 | D        | Reached skill level 23 in Axes
     7 | D        | Reached XP level 2. EP: 21/21
     7 | D        | Reached XP level 3. EP: 27/27
     7 | D        | Reached XP level 4. EP: 34/34
     7 | D        | Reached XP level 5. EP: 42/42
     7 | D        | Reached XP level 6. EP: 48/48
     7 | D        | Reached XP level 7. EP: 55/55
     7 | D        | Reached XP level 8. EP: 61/61
     7 | D        | Reached XP level 9. EP: 68/68
     7 | D        | Reached XP level 10. EP: 76/76
     7 | D        | Reached XP level 11. EP: 81/81
     8 | D        | Killed a meat berserker
     8 | D        | Acquired Makhleb's first power
     8 | D        | Reached skill level 26 in Axes
     8 | D        | Reached XP level 12. EP: 88/88
     9 | D        | Killed a bag of meat
     9 | D        | Reached skill level 27 in Axes
     9 | D        | Reached skill level 5 in Spellcasting
     9 | D        | Reached skill level 5 in Translocations
     9 | D        | Reached XP level 13. EP: 91/102
    10 | D        | Killed a bag of meat
    11 | D        | Noticed a meat berserker
    11 | D        | Killed a bag of meat
    11 | D        | Acquired Makhleb's second power
    11 | D        | Reached XP level 14. EP: 115/120
    12 | D        | Noticed a bag of meat
    13 | D        | Noticed a bag of meat
    13 | D        | Noticed a meat berserker
    13 | D        | Noticed a bag of meat
    14 | D        | Noticed a meat berserker
    14 | D        | Noticed a bag of meat
    14 | D        | Noticed a bag of meat
    14 | D        | Killed a meat berserker
    14 | D        | Reached skill level 10 in Armour
    14 | D        | Reached skill level 10 in Spellcasting
    14 | D        | Reached skill level 10 in Translocations
    15 | D        | Noticed a bag of meat
    15 | D        | Noticed a bag of meat
    17 | D        | Killed a meat berserker
    17 | D        | Reached skill level 10 in Fighting
    17 | D        | Reached skill level 10 in Dodging
    17 | D        | Reached XP level 15. EP: 128/132
    18 | D        | Killed a bag of meat
    18 | D        | Acquired Makhleb's third power
    18 | D        | Reached skill level 10 in Throwing
    18 | D        | Reached skill level 10 in Stealth
    18 | D        | Reached skill level 10 in Unarmed Combat
    19 | D        | Killed a bag of meat
    20 | D        | Killed a bag of meat
    21 | D        | Noticed a destroyer
    21 | D        | Killed a meat berserker
    21 | D        | Acquired Makhleb's fourth power
    21 | D        | Reached skill level 15 in Spellcasting
    21 | D        | Reached XP level 16. EP: 144/146
    22 | D        | Noticed a large bag of meat
    22 | D        | Noticed a destroyer
    22 | D        | Killed a bag of meat
    22 | D        | Reached skill level 15 in Armour
    22 | D        | Killed a bag of meat
    22 | D        | Reached skill level 15 in Translocations
    22 | D        | Killed a destroyer
    23 | D        | Noticed a bag of meat
    23 | D        | Noticed a bag of meat
    24 | D        | Noticed a large bag of meat
    24 | D        | Killed a large bag of meat
    24 | D        | Reached skill level 15 in Fighting
    24 | D        | Reached skill level 15 in Throwing
    24 | D        | Reached skill level 15 in Dodging
    24 | D        | Reached skill level 15 in Unarmed Combat
    24 | D        | Reached XP level 17. EP: 155/159
    24 | D        | Killed a bag of meat
    24 | D        | Acquired Makhleb's fifth power
    24 | D        | Reached skill level 15 in Stealth
    25 | D        | Noticed a bag of meat
    25 | D        | Killed a large bag of meat
    25 | D        | Killed a destroyer
    26 | D        | Noticed a bag of meat
    27 | D        | Noticed a meat berserker
    27 | D        | Killed a bag of meat
    28 | D        | Noticed a destroyer
    30 | D        | Noticed a bag of meat
    30 | D        | Noticed a bag of meat
    30 | D        | Noticed a bag of meat
    30 | D        | Killed a bag of meat
    30 | D        | Reached XP level 18. EP: 171/173
    30 | D        | Killed a bag of meat
    31 | D        | Noticed a meat berserker
    32 | D        | Noticed a sculptor of flesh
    32 | D        | Killed a bag of meat
    32 | D        | Killed a meat berserker
    33 | D        | Killed a destroyer
    34 | D        | Noticed a bag of meat
    34 | D        | Killed a bag of meat
    35 | D        | Noticed a destroyer
    35 | D        | Killed a bag of meat
    35 | D        | Reached XP level 19. EP: 184/186
    36 | D        | Noticed a bag of meat
    36 | D        | Killed a destroyer
    37 | D        | Noticed a bag of meat
    37 | D        | Killed a meat berserker
    37 | D        | Killed a bag of meat
    38 | D        | Noticed a destroyer
    38 | D        | Killed a bag of meat
    41 | D        | Noticed a meat berserker
    41 | D        | Killed a sculptor of flesh
    42 | D        | Killed a bag of meat
    42 | D        | Reached XP level 20. EP: 196/199
    44 | D        | Noticed a sculptor of flesh
    44 | D        | Noticed a sculptor of flesh
    45 | D        | Noticed a destroyer
    45 | D        | Killed a destroyer
    45 | D        | Killed a sculptor of flesh
    46 | D        | Noticed a destroyer
    46 | D        | Noticed a bag of meat
    46 | D        | Killed a bag of meat
    46 | D        | Killed a bag of meat
    47 | D        | Noticed a destroyer
    47 | D        | Killed a destroyer
    48 | D        | Noticed a tyrant
    48 | D        | Killed a meat berserker
    49 | D        | Noticed a bag of meat
    50 | D        | Noticed a large bag of meat
    50 | D        | Killed a destroyer
    50 | D        | Killed a tyrant
    50 | D        | Reached XP level 21. EP: 209/212
    52 | D        | Noticed a bag of meat
    54 | D        | Reached skill level 1 in Invocations
    55 | D        | Noticed a meat berserker
    56 | D        | Noticed a bag of meat
    56 | D        | Noticed a tyrant
    56 | D        | Killed a bag of meat
    56 | D        | Reached skill level 5 in Invocations
    56 | D        | Killed a sculptor of flesh
    56 | D        | Reached skill level 27 in Armour
    56 | D        | Reached skill level 27 in Spellcasting
    56 | D        | Killed a destroyer
    57 | D        | Noticed a bag of meat
    58 | D        | Noticed a bag of meat
    58 | D        | Noticed a bag of meat
    59 | D        | Noticed a bag of meat
    59 | D        | Killed a large bag of meat
    59 | D        | Reached skill level 10 in Invocations
    59 | D        | Killed a bag of meat
    60 | D        | Noticed an accursed
    61 | D        | Noticed a meat beast
    61 | D        | Noticed a tyrant
    61 | D        | Noticed a meat berserker
    61 | D        | Killed a meat berserker
    62 | D        | Noticed a tyrant
    63 | D        | Noticed a meat berserker
    63 | D        | Noticed a meat berserker
    63 | D        | Killed a bag of meat
    64 | D        | Killed a tyrant
    64 | D        | Reached skill level 27 in Translocations
    64 | D        | Reached XP level 22. EP: 227/227
    64 | D        | Killed a meat berserker
    64 | D        | Reached skill level 15 in Invocations
    65 | D        | Noticed a meat berserker
    65 | D        | Killed a bag of meat
    66 | D        | Noticed a bag of meat
    66 | D        | Killed a bag of meat
    66 | D        | Killed a meat beast
    67 | D        | Noticed a bag of meat
    67 | D        | Noticed a meat berserker
    67 | D        | Killed a meat berserker
    68 | D        | Noticed a bag of meat
    68 | D        | Noticed a bag of meat
    68 | D        | Noticed a destroyer
    68 | D        | Noticed a meat berserker
    68 | D        | Killed a bag of meat
    68 | D        | Killed a bag of meat
    68 | D        | Reached skill level 27 in Fighting
    68 | D        | Reached skill level 27 in Throwing
    68 | D        | Reached skill level 27 in Dodging
    68 | D        | Reached skill level 27 in Stealth
    68 | D        | Reached skill level 27 in Unarmed Combat
    69 | D        | Noticed a large bag of meat
    69 | D        | Noticed a tyrant
    69 | D        | Killed a meat berserker
    70 | D        | Noticed a meat beast
    70 | D        | Killed a destroyer
    70 | D        | Reached XP level 23. EP: 218/238
    70 | D        | Killed a bag of meat
    70 | D        | Reached skill level 27 in Invocations
    71 | D        | Killed a meat berserker
    72 | D        | Noticed an accursed
    72 | D        | Noticed a meat berserker
    73 | D        | Noticed a large bag of meat
    73 | D        | Killed a meat beast
    73 | D        | Killed a meat berserker
    73 | D        | Killed a meat berserker
    74 | D        | Killed a tyrant
    76 | D        | Killed a bag of meat
    76 | D        | Killed a bag of meat
    77 | D        | Killed a large bag of meat
    77 | D        | Killed a tyrant
    77 | D        | Reached XP level 24. EP: 248/248
    78 | D        | Noticed a meat beast
    78 | D        | Noticed a meat beast
    78 | D        | Killed a meat berserker
    79 | D        | Noticed a meat berserker
    80 | D        | Killed an accursed
    80 | D        | Killed a large bag of meat
    81 | D        | Noticed a meat beast
    81 | D        | Noticed The Servant
    81 | D        | Killed a lost soul
    82 | D        | Noticed a bag of meat
    82 | D        | Noticed a destroyer
    82 | D        | Killed a tyrant
    82 | D        | Killed a meat beast
    83 | D        | Noticed a bag of meat
    83 | D        | Killed a meat beast
    84 | D        | Killed a meat beast
    84 | D        | Killed a meat berserker
    84 | D        | Killed a destroyer
    84 | D        | Reached XP level 25. EP: 255/255
    85 | D        | Noticed a bag of meat
    85 | D        | Killed an accursed
    86 | D        | Noticed a bag of meat
    86 | D        | Noticed a sculptor of flesh
    86 | D        | Noticed a destroyer
    88 | D        | Killed a bag of meat
    89 | D        | Killed a bag of meat
    89 | D        | Killed a destroyer
    90 | D        | Killed a bag of meat
    90 | D        | Killed a bag of meat
    91 | D        | Noticed a bag of meat
    94 | D        | Noticed an accursed
    95 | D        | Noticed a meat beast
    96 | D        | Noticed a bag of meat
    96 | D        | Killed a sculptor of flesh
    97 | D        | Noticed a meat berserker
    97 | D        | Killed a bag of meat
    97 | D        | Killed a bag of meat
    98 | D        | Noticed a meat beast
    98 | D        | Noticed an eight-headed meat hydra
    98 | D        | Noticed an accursed
    98 | D        | Killed a meat beast
   100 | D        | Noticed a meat beast
   100 | D        | Killed a meat berserker
   102 | D        | Noticed a tyrant
   102 | D        | Killed a bag of meat
   102 | D        | Reached XP level 26. EP: 265/265
   102 | D        | Killed a meat beast
   102 | D        | Killed a bag of meat
   103 | D        | Killed a meat beast
   103 | D        | Killed a nine-headed meat hydra
   104 | D        | Noticed a meat beast
   105 | D        | Noticed a meat berserker
   105 | D        | Noticed an eight-headed meat hydra
   105 | D        | Killed an accursed
   106 | D        | Noticed a meat berserker
   106 | D        | Killed a tyrant
   107 | D        | Killed a meat beast
   108 | D        | Noticed a bag of meat
   109 | D        | Noticed an accursed
   109 | D        | Noticed a meat beast
   109 | D        | Killed an observer
   109 | D        | Killed a meat berserker
   109 | D        | Killed a lost soul
   110 | D        | Killed an observer
   110 | D        | Killed an observer
   110 | D        | Reached XP level 27. EP: 273/273
   111 | D        | Killed an accursed
   112 | D        | Killed an observer
   112 | D        | Killed a meat berserker
   112 | D        | Killed a lost soul
   114 | D        | Killed a lost soul
   115 | D        | Killed a nine-headed meat hydra
   117 | D        | Killed an accursed
   117 | D        | Killed an observer
   118 | D        | Killed a bag of meat
   119 | D        | Noticed a meat beast
   121 | D        | Demolished by The Servant

Action                   |  1- 3 |  4- 6 |  7- 9 | 10-12 | 13-15 | 16-18 | 19-21 | 22-24 | 25-27 || total
-------------------------+-------+-------+-------+-------+-------+-------+-------+-------+-------++-------
Melee: Executioner's axe |     1 |       |       |     2 |     4 |     5 |     4 |     3 |    11 ||    30
 Stab: Distracted        |       |       |       |       |       |     1 |       |       |       ||     1
